Map: Dasan Station LE

Players

Javo

  • Race: Protoss Protoss
  • League: Gold
  • Spawn Location: 6:00

Fropez - Winner!

  • Race: Protoss Protoss
  • League: Gold
  • Spawn Location: 12:00

VOD

Have the link to the VOD?

Description

Time

  • Played on: Sept. 27, 2016, 12:25 p.m.
  • Length: 11:48
Show
View Real Time Build Order
Export as new Build Order

Javo Protoss 

Build Orders:  

Get SALT Encoding   

  12  0:11  Pylon  
  12  0:13  Probe (Chrono Boost)  
  13  0:23  Probe (Chrono Boost)  
  14  0:33  Gateway  
  14  0:39  Assimilator  
  14  0:44  Assimilator  
  14  0:47  Probe (Chrono Boost)  
  15  0:58  Probe (Chrono Boost)  
  16  1:08  Probe (Chrono Boost)  
  17  1:19  Probe (Chrono Boost)  
  18  1:29  Probe (Chrono Boost)  
  18  1:32  Cybernetics Core  
  19  1:40  Probe (Chrono Boost)  
  20  1:50  Probe (Chrono Boost)  
  20  1:53  Pylon  
  21  1:57  Pylon  
  21  2:01  Probe (Chrono Boost)  
  22  2:08  Warp Gate  
  22  2:13  Stalker  
  24  2:18  Pylon  
  26  2:23  Mothership Core (Chrono Boost)  
  26  2:39  Gateway  
  26  2:43  Stalker  
  28  2:47  Probe (Chrono Boost)  
  29  3:02  Stargate  
  29  3:13  Stalker (Chrono Boost)  
  31  3:23  Twilight Council  
  31  3:30  Nexus  
  31  3:51  Stargate  
  31  3:52  Pylon  
  31  3:55  Probe  
  32  4:20  Stalker x2  
  36  4:27  Gateway  
  36  4:30  Pylon  
  36  5:05  Stalker x2  
  40  5:16  Void Ray (Chrono Boost)  
  40  5:18  Probe  
  45  5:26  Probe  
  46  5:28  Probe  
  47  5:38  Probe  
  47  5:39  Probe  
  47  5:41  Stalker  
  47  5:42  Stalker  
  26  6:25  Void Ray (Chrono Boost)  
  29  7:07  Probe  
  28  7:18  Probe  
  20  7:28  Probe  
  20  7:37  Probe  
  20  8:11  Probe (Chrono Boost)  
  21  8:29  Probe (Chrono Boost)  
  22  8:51  Probe (Chrono Boost)  
  23  8:56  Probe (Chrono Boost)  
  24  9:22  Stalker  
  26  9:33  Probe (Chrono Boost)  
  27  9:39  Probe (Chrono Boost)  
  28  9:49  Probe (Chrono Boost)  
  29  9:55  Probe (Chrono Boost)  
  30  10:04  Probe (Chrono Boost)  
  31  10:17  Probe (Chrono Boost)  
  31  10:19  Probe (Chrono Boost)  
  33  10:28  Probe (Chrono Boost)  
  34  10:38  Void Ray  
  38  10:45  Probe (Chrono Boost)  
  23  11:19  Probe (Chrono Boost)  
  23  11:24  Mothership Core (Chrono Boost)  
  24  11:30  Probe (Chrono Boost)  
Show
View Real Time Build Order
Export as new Build Order

Fropez Protoss - Winner!

Build Orders:  

Get SALT Encoding   

  12  0:04  Probe (Chrono Boost)  
  13  0:15  Pylon  
  13  0:17  Probe (Chrono Boost)  
  14  0:36  Probe (Chrono Boost), Gateway  
  15  0:47  Probe (Chrono Boost)  
  16  0:57  Probe (Chrono Boost), Assimilator  
  16  1:03  Gateway  
  17  1:08  Probe (Chrono Boost)  
  19  1:18  Probe (Chrono Boost)  
  19  1:25  Cybernetics Core  
  19  1:29  Probe (Chrono Boost)  
  20  1:34  Pylon  
  20  1:39  Probe (Chrono Boost)  
  21  1:45  Assimilator  
  21  1:50  Probe (Chrono Boost)  
  22  2:00  Probe (Chrono Boost)  
  23  2:01  Warp Gate (Chrono Boost)  
  23  2:04  Twilight Council  
  23  2:08  Pylon  
  23  2:23  Probe  
  28  2:30  Adept x2 (Chrono Boost)  
  28  2:41  Resonating Glaives  
  28  2:58  Adept x2 (Chrono Boost)  
  32  3:11  Nexus  
  32  3:19  Pylon  
  34  3:28  Adept (Chrono Boost)  
  34  3:51  Probe  
  35  4:02  Gateway  
  35  4:08  Pylon  
  33  4:11  Mothership Core  
  35  4:23  Gateway  
  35  4:26  Adept x2  
  35  4:27  Pylon  
  39  4:32  Probe  
  40  4:40  Probe  
  40  4:45  Probe  
  42  4:57  Adept x2  
  46  5:09  Pylon  
  46  5:13  Probe  
  46  5:14  Probe  
  46  5:15  Pylon  
  48  5:23  Probe  
  48  5:27  Probe  
  50  5:30  Forge  
  50  5:31  Adept x2  
  50  5:34  Probe  
  55  6:07  Stalker x4  
  63  6:14  Probe  
  63  6:17  Protoss Ground Weapons Level 1 (Chrono Boost)  
  60  6:37  Stalker x4  
  62  6:59  Probe  
  62  7:00  Probe  
  64  7:02  Stalker x4  
  54  7:26  Stalker x4  
  54  7:39  Probe  
  54  7:40  Probe, Gateway  
  54  7:41  Gateway  
  56  7:46  Assimilator  
  56  7:50  Assimilator  
  54  7:54  Pylon  
  54  7:56  Pylon  
  54  8:00  Probe  
  54  8:02  Probe, Gateway  
  50  8:15  Nexus  
  50  8:16  Probe  
  50  8:17  Mothership Core  
  50  8:18  Pylon  
  53  8:23  Pylon  
  53  8:27  Blink (Chrono Boost)  
  53  8:28  Stalker  
  53  8:34  Stalker  
  57  8:35  Stalker  
  57  8:36  Probe  
  60  8:46  Probe  
  60  8:47  Probe  
  62  8:57  Robotics Facility  
  62  8:58  Probe x2  
  64  9:10  Probe  
  65  9:18  Stalker x2  
  65  9:19  Stalker x2  
  72  9:29  Pylon  
  72  9:31  Probe  
  72  9:32  Probe  
  74  9:43  Pylon  
  75  9:48  Immortal (Chrono Boost)  
  75  9:51  Probe  
  78  9:53  Probe  
  80  10:02  Adept x2  
  80  10:03  Adept x5  
  94  10:32  Stalker x3  
  94  10:33  Stalker x3  
  104  11:16  Stalker x5  
  104  11:17  Stalker  
  112  11:21  Assimilator  
  112  11:23  Assimilator  
  108  11:27  Probe  
  108  11:28  Pylon, Probe  
  106  11:33  Probe  
Tags
 
League
GoldGold
Matchup
PvP
Replay Pack
All Mines
Spawn Locations
Cross Positions
Add a new tag
Caveats
  • Supply blocks, unpowered buildings, or Contaminate may cause inaccurate times.
  • Supply counts are checked every 10 seconds.